 Dungeon Crawl Stone Soup version 0.32-a0-607-g64ea0e4219 (webtiles) character file.

Game seed: 17670837253048679811

17798 Sobieck the Earth Mage (level 12, -7/61 (81) HPs)
             Began as a Mountain Dwarf Earth Elementalist on Mar 3, 2024.
             Was a High Priest of Vehumet.
             Killed from afar by a laughing skull (20 damage)
             ... with a bolt of negative energy
             ... on level 2 of the Abyss.
             The game lasted 00:24:05 (12146 turns).

Sobieck the Earth Mage (MDEE)                      Turns: 12146, Time: 00:24:06

HP:   -7/61 (81)    AC: 22    Str: 11      XL:     12   Next: 22%
MP:   10/33         EV:  7    Int: 27      God:    Vehumet [*****.]
Gold: 701           SH:  0    Dex:  9 (10) Spells: 16/28 levels left

rFire   + . .        R - staff of conjuration
rCold   + . .        (no shield)
rNeg    + . .        G - +7 chain mail "Ashuolyo" {rN+}
rPois   .            (no helmet)
rElec   .            P - scarf {rC+ rF+}
rCorr   .            d - +2 pair of gloves
SInv    .            (no boots)
Will    +....        r - amulet of regeneration Stlth
                     h - +6 ring of intelligence
HPRegen 1.10/turn    z - ring of magical power
MPRegen 0.23/turn

%: no passive effects
@: heavily drained
A: runic magic, artefact enchanting
a: Renounce Religion


You were on level 2 of the Abyss.
You worshipped Vehumet.
Vehumet was extremely pleased with you.
You visited 2 branches of the dungeon, and saw 13 of its levels.
You visited the Abyss 1 time.
You also visited: Ossuary and Bailey.

You collected 737 gold pieces.
You spent 36 gold pieces at shops.

Inventory:

Hand Weapons
 l - the +1 hand axe "Kiuwir Etest" {drain, rN++}
   (You found it on level 4 of the Dungeon)

   rN++:      It greatly protects you from negative energy.
 m - a +4 whip
 K - a +1 hand axe of electrocution
Missiles
 F - a curare-tipped dart
Armour
 a - a +0 robe
 d - a +2 pair of gloves (worn)
 f - a +1 ring mail
 o - a +0 chain mail
 w - a +0 plate armour
 G - the +7 chain mail "Ashuolyo" (worn) {rN+}
   (You found it on level 11 of the Dungeon)

   rN+:       It protects you from negative energy.
 P - a scarf of resistance (worn)
Magical Staves
 p - a staff of alchemy
 R - a staff of conjuration (weapon)
Jewellery
 c - a ring of protection from cold
 g - a ring of resist corrosion
 h - a +6 ring of intelligence (left hand)
 n - a ring of fire
 r - an amulet of regeneration (around neck)
 x - a ring of flight
 z - a ring of magical power (right hand)
 I - an amulet of guardian spirit
Wands
 N - a wand of mindburst (10)
 V - a wand of flame (13)
Scrolls
 e - 2 scrolls of silence
 i - 2 scrolls of immolation
 q - 3 scrolls of vulnerability
 y - 2 scrolls of revelation
 C - a scroll of noise
 D - 2 scrolls of amnesia
 S - a scroll of enchant armour
 T - 3 scrolls of teleportation
Potions
 b - 6 potions of magic
 j - 5 potions of enlightenment
 k - a potion of heal wounds
 s - 2 potions of berserk rage
 t - 3 potions of invisibility {unknown}
 u - 3 potions of mutation {unknown}
 v - 4 potions of might
 A - 4 potions of degeneration {unknown}
 B - 3 potions of attraction {unknown}
 E - 5 potions of brilliance {unknown}
 H - 2 potions of haste
 J - 3 potions of ambrosia {unknown}
 L - 2 potions of resistance {unknown}
 M - 2 potions of cancellation {unknown}
 O - a potion of lignification {unknown}
 Q - 6 potions of curing


   Skills:
 - Level 10.7 Armour
 - Level 1.3 Dodging
 - Level 1.4 Stealth
 - Level 8.5 Spellcasting
 * Level 4.8 Conjurations
 - Level 15.3 Earth Magic


You had 16 spell levels left.
You knew the following spells:

 Your Spells              Type           Power      Damage    Failure   Level
a - Sandblast             Erth           100%       2d20      0%          1
b - Stone Arrow           Conj/Erth      100%       3d13      1%          3
c - Passwall              Erth           76%        N/A       1%          3
d - Iskenderun's Battles  Conj           54%        2d10      11%         5

Your spell library contained the following spells:

 Spells                   Type           Power      Damage    Failure   Level
 Brom's Barrelling Bould  Conj/Erth      78%        2d9       1%          4
 Freeze                   Ice            44%        1d6       2%          1
 Hailstorm                Conj/Ice       36%        3d9       3%          3
 Petrify                  Alch/Erth      52%        N/A       4%          4
 Frozen Ramparts          Ice            22%        1d4       9%          3
 Cigotuvi's Dreadful Rot  Necr/Alch/Air  22%        N/A       16%         2
 Ignite Poison            Fire/Alch      11%        N/A       24%         4
 Summon Ice Beast         Ice/Summ       11%        N/A       30%         3
 Freezing Cloud           Conj/Ice/Air   15%        6-21      34%         5
 Sculpt Simulacrum        Ice/Alch       5%         N/A       100%        6


Dungeon Overview and Level Annotations

Branches:
Dungeon (12/15)            Temple (1/1) D:5            Lair (0/5) D:8
    Orc (0/2) D:11        Ossuary (visited)          Bailey (visited)

Altars:
Ashenzari
Cheibriados
Dithmenos
Elyvilon
Fedhas
Gozag
Hepliaklqana
Kikubaaqudgha
Makhleb
Nemelex Xobeh
Okawaru
Qazlal
Ru
Sif Muna
Trog
Uskayaw
Vehumet
Wu Jian
Xom
Yredelemnul
Zin
The Shining One
Beogh

Shops:
D:8 *

Annotations:
D:4 1 runed translucent door, Drazool's ghost, amateur CoHu
D:8 3 runed translucent doors
D:12 Erolcha


Innate Abilities, Weirdness & Mutations

Your spellcasting is much less encumbered by armour.
You can use scrolls of enchantment on lesser artefacts.


Message History

Unknown command.
Casting: Sandblast (safe; 0% risk of failure)
Confirm with . or Enter, or press ? or * to list all spells.
Aiming: Sandblast (safe; 0% risk of failure)
Press: ? - help, Shift-Dir - straight line, f/p - laughing skull
Aim: a laughing skull (heavily damaged, 70% to hit)
The blast of sand hits the laughing skull!
You destroy the laughing skull!
Vehumet accepts your kill.
The laughing skull gibbers with scorn.
The bolt of negative energy hits you! You partially resist.
You feel drained.
* * * LOW HITPOINT WARNING * * *
The laughing skull barely misses you.
The laughing skull gibbers with scorn.
The bolt of negative energy misses you.
The laughing skull headbutts you but does no damage. x2
Casting: Sandblast (safe; 0% risk of failure)
Confirm with . or Enter, or press ? or * to list all spells.
Aiming: Sandblast (safe; 0% risk of failure)
Press: ? - help, Shift-Dir - straight line, f - laughing skull
Aim: a laughing skull (lightly damaged, 70% to hit)
The blast of sand hits the laughing skull.
The laughing skull is moderately damaged.
The laughing skull lets out a vicious peal of laugher.
The bolt of negative energy hits you! You partially resist.
You feel drained.
* * * LOW HITPOINT WARNING * * *
The laughing skull headbutts you but does no damage. x6
The laughing skull closely misses you.
Casting: Sandblast (safe; 0% risk of failure)
Confirm with . or Enter, or press ? or * to list all spells.
Aiming: Sandblast (safe; 0% risk of failure)
Press: ? - help, Shift-Dir - straight line, f/p - laughing skull
Aim: a laughing skull (moderately damaged, 70% to hit)
The blast of sand hits the laughing skull!
The laughing skull is almost destroyed.
The laughing skull gibbers with scorn.
The bolt of negative energy misses you.
The laughing skull gibbers with scorn.
The bolt of negative energy hits you. You partially resist.
You feel drained.
* * * LOW HITPOINT WARNING * * *
The laughing skull closely misses you.
The laughing skull headbutts you but does no damage.
The laughing skull gibbers with scorn.
The bolt of negative energy hits you! You partially resist.
You feel drained.
* * * LOW HITPOINT WARNING * * *
The laughing skull barely misses you.
The laughing skull lets out a vicious peal of laugher.
The bolt of negative energy hits you!! You partially resist.
You feel drained.
You die...
The laughing skull crumbles to pieces from sheer joy.

. . .... ... #..
#..# ..# ..
#..##..##..##..
........ ......
...............
# #...#..#
##..##..##..##..
.......zzz......
.......z@.......
##..##..##..##_.
#. #..# ..# ..
.... .. . ......
... #..##..# #..
#.. #..# . ..
...


You could see 4 laughing skulls.

Vanquished Creatures
  6 two-headed ogres
  Nergalle (D:10)
  Pikel (D:6)
  An orc knight (D:11)
  2 ugly things (D:10)
  A cyclops (D:10)
  A manticore (D:11)
  A large abomination (Abyss:2)
  An elephant (D:8)
  A gargoyle (D:10)
  4 trolls
  A hornet (D:9)
  Prince Ribbit (D:6)
  2 shadows
  Sigmund (D:3)
  A wraith (D:10)
  4 wyverns
  11 yaks
  Eustachio (D:4)
  A basilisk (D:11)
  10 vampire mosquitoes (D:10)
  2 acid dragons (D:11)
  A water moccasin (D:7)
  8 orc warriors
  4 black bears
  A laughing skull (Abyss:2)
  2 centaurs
  A lemure (D:6)
  2 phantoms (D:5)
  A kobold brigand (D:9)
  A gnoll sergeant (D:11)
  5 bullfrogs
  6 scorpions
  A killer bee (D:10)
  2 electric eels (D:8)
  A centaur zombie (D:7)
  5 howler monkeys
  A jelly (D:4)
  13 orc priests
  3 hounds
  2 gnoll boudas
  4 iguanas
  11 orc wizards
  9 scorpion zombies
  3 killer bee zombies (D:7)
  An ogre zombie (D:7)
  4 mummies
  A killer bee simulacrum (D:8)
  22 gnolls
  A howler monkey skeleton (D:7)
  6 adders
  A shadow imp (D:8)
  6 white imps
  4 ufetubi
  3 adder zombies (Ossuary)
  A dart slug (D:1)
  A ribbon worm (D:2)
  62 orcs
  12 ball pythons
  7 endoplasms
  4 giant cockroaches
  A gnoll zombie (Ossuary)
  11 goblins
  12 hobgoblins
  10 jackals
  14 kobolds
  8 quokkas
  8 bats
  6 frilled lizards
  4 jackal zombies (Ossuary)
  4 kobold zombies (Ossuary)
  5 rats
361 creatures vanquished.

Vanquished Creatures (others)
  A jelly (D:7)
1 creature vanquished.

Grand Total: 362 creatures vanquished

Notes
Turn   | Place    | Note
-------+----------+-------------------------------------------
     0 | D:1      | Sobieck the Mountain Dwarf Earth Elementalist began the
                  | quest for the Orb.
     0 | D:1      | Reached XP level 1. HP: 14/14 MP: 3/3
   125 | D:1      | Reached XP level 2. HP: 20/20 MP: 0/4
   232 | D:1      | Reached skill level 1 in Armour
   493 | D:1      | Reached skill level 4 in Earth Magic
   544 | D:1      | Reached XP level 3. HP: 26/26 MP: 4/6
  1187 | D:2      | Reached XP level 4. HP: 33/33 MP: 4/7
  1207 | D:2      | Learned a level 3 spell: Stone Arrow
  2239 | D:3      | Reached skill level 5 in Earth Magic
  2307 | D:3      | Reached XP level 5. HP: 38/38 MP: 3/8
  2577 | D:3      | Noticed Sigmund
  2612 | D:3      | Killed Sigmund
  2613 | D:3      | Reached skill level 3 in Armour
  2613 | D:3      | Reached skill level 3 in Spellcasting
  2613 | D:3      | Reached skill level 6 in Earth Magic
  2613 | D:3      | Reached XP level 6. HP: 39/45 MP: 5/10
  2958 | D:3      | Found a glowing silver altar of Zin.
  3759 | D:4      | Identified the +1 hand axe "Kiuwir Etest" {drain, rN++}
  3791 | D:4      | Found a runed translucent door.
  3791 | D:4      | Noticed Drazool's ghost (amateur CoHu)
  3889 | D:4      | Reached XP level 7. HP: 50/50 MP: 10/12
  3985 | D:4      | Noticed Eustachio
  4032 | D:4      | Killed Eustachio
  4033 | D:4      | Reached skill level 7 in Earth Magic
  4129 | D:5      | Entered Level 5 of the Dungeon
  4321 | D:5      | Found a staircase to the Ecumenical Temple.
  4330 | Temple   | Entered the Ecumenical Temple
  4356 | Temple   | Became a worshipper of Vehumet
  4451 | D:5      | Found a white marble altar of Elyvilon.
  4674 | D:5      | Found a shadowy altar of Dithmenos.
  4675 | D:5      | Found a hide-covered altar of Uskayaw.
  4719 | D:5      | Reached XP level 8. HP: 57/57 MP: 12/14
  4774 | D:5      | Reached skill level 8 in Earth Magic
  5696 | D:6      | Learned a level 3 spell: Passwall
  5811 | D:6      | Reached * piety under Vehumet
  5811 | D:6      | Offered knowledge of Shock by Vehumet.
  5811 | D:6      | Noticed Prince Ribbit
  5812 | D:6      | Reached skill level 9 in Earth Magic
  5818 | D:6      | Killed Prince Ribbit
  5837 | D:6      | Reached skill level 6 in Armour
  5856 | D:6      | Noticed Pikel
  5861 | D:6      | Killed Pikel
  5862 | D:6      | Reached skill level 10 in Earth Magic
  5862 | D:6      | Reached XP level 9. HP: 57/62 MP: 10/16
  6283 | D:7      | Found a sand-covered staircase.
  6295 | Ossuary  | Entered an ossuary
  6692 | D:7      | Offered knowledge of Searing Ray by Vehumet.
  6721 | D:7      | Reached ** piety under Vehumet
  6776 | D:7      | Reached skill level 11 in Earth Magic
  6857 | D:7      | Found a basalt altar of Yredelemnul.
  6857 | D:7      | Found a glowing golden altar of the Shining One.
  6862 | D:7      | Noticed an angel
  6943 | D:7      | Reached skill level 6 in Spellcasting
  7204 | D:7      | Found a sparkling altar of Nemelex Xobeh.
  7549 | D:7      | Noticed a profane servitor
  7678 | D:8      | Found a runed translucent gate.
  7724 | D:7      | Reached XP level 10. HP: 66/69 MP: 19/19
  7739 | D:8      | Found a runed translucent gate.
  7739 | D:8      | Found a runed translucent gate.
  7739 | D:8      | Noticed a purple ugly thing
  7739 | D:8      | Noticed a green ugly thing
  7899 | D:8      | Found a stormy altar of Qazlal.
  7916 | D:8      | Found Umufyzox's CLEARANCE SALE!.
  7923 | D:8      | Bought a scroll of noise for 4 gold pieces
  7923 | D:8      | Bought a scroll of amnesia for 16 gold pieces
  7923 | D:8      | Bought a potion of might for 16 gold pieces
  7928 | D:8      | Found a staircase to the Lair.
  7928 | D:8      | Noticed an elephant
  8201 | D:8      | Killed an elephant
  8202 | D:8      | Reached skill level 12 in Earth Magic
  8366 | D:8      | Offered knowledge of Momentum Strike by Vehumet.
  8467 | D:8      | Noticed a two-headed ogre
  8472 | D:8      | Killed a two-headed ogre
  8507 | D:8      | Found an ancient bone altar of Kikubaaqudgha.
  8508 | D:8      | Found a blossoming altar of Fedhas.
  8842 | D:9      | Reached *** piety under Vehumet
  9111 | D:9      | Reached skill level 13 in Earth Magic
  9178 | D:9      | Reached skill level 9 in Armour
  9323 | D:9      | Found a sacrificial altar of Ru.
  9494 | D:10     | Entered Level 10 of the Dungeon
  9509 | D:9      | Offered knowledge of Fulminant Prism by Vehumet.
  9584 | D:10     | Reached XP level 11. HP: 74/74 MP: 22/22
  9607 | D:10     | Noticed a two-headed ogre
  9612 | D:10     | Killed a two-headed ogre
  9670 | D:10     | Found a hazy altar of Hepliaklqana.
  9715 | D:10     | Noticed Nergalle
  9719 | D:10     | Killed Nergalle
  9896 | D:10     | Found a flagged portal.
  9906 | Bailey   | Entered a bailey
  9956 | Bailey   | Reached **** piety under Vehumet
 10103 | Bailey   | Reached skill level 14 in Earth Magic
 10103 | Bailey   | Offered knowledge of Yara's Violent Unravelling by Vehumet.
 10285 | D:10     | Found a snail-covered altar of Cheibriados.
 10286 | D:10     | Found an ornate altar of the Wu Jian Council.
 10624 | D:11     | Noticed a two-headed ogre
 10625 | D:11     | Noticed a purple ugly thing
 10625 | D:11     | Noticed a two-headed ogre
 10626 | D:11     | Noticed a purple ugly thing
 10628 | D:11     | Noticed a two-headed ogre
 10629 | D:11     | Noticed a two-headed ogre
 10750 | D:10     | Killed a purple ugly thing
 10905 | D:10     | Killed a purple ugly thing
 10940 | D:11     | Noticed an orc knight
 11248 | D:10     | Reached skill level 15 in Earth Magic
 11359 | D:10     | Killed a two-headed ogre
 11408 | D:10     | Killed a two-headed ogre
 11436 | D:11     | Reached ***** piety under Vehumet
 11440 | D:11     | Found a roughly hewn altar of Beogh.
 11441 | D:11     | Found a staircase to the Orcish Mines.
 11466 | D:11     | Identified the +7 chain mail "Ashuolyo" {rN+}
 11559 | D:11     | Offered knowledge of Iskenderun's Battlesphere by Vehumet.
 11570 | D:11     | Learned a level 5 spell: Iskenderun's Battlesphere
 11618 | D:11     | Reached skill level 1 in Conjurations
 11630 | D:11     | Killed a two-headed ogre
 11631 | D:11     | Reached XP level 12. HP: 63/81 MP: 24/24
 11642 | D:11     | Killed a two-headed ogre
 11643 | D:11     | Reached skill level 3 in Conjurations
 12022 | D:12     | Noticed Erolcha
 12026 | Abyss:2  | Cast into level 2 of the Abyss (Erolcha)
 12139 | Abyss:2  | Found a corrupted altar of Lugonu.
 12146 | Abyss:2  | Killed from afar by a laughing skull

Illustrated notes

Levels and vault maps discovered:
D:1:      eino_arrival_cavern_b, layout_rooms, minmay_misc_feat_tower,
          minmay_ruptured
D:2:      cheibrodos_helix_gallery, layout_basic, amcnicky_mini_pool_small,
          grunt_ministairs_1, nicolae_elevator_lobby_plus
D:3:      cheibrodos_pilgrimage, layout_basic, nicolae_overflow_hidden_temple,
          uniq_sigmund
D:4:      kennysheep_big_flooded_room, layout_rooms, gammafunk_ghost_grave,
          hangedman_abyss_or_decor_stabs, serial_park_tiny_pond, uniq_eustachio
D:5:      layout_gridville, nicolae_uskayaw_murder_on_the_dancefloor,
          kennysheep_little_box, grunt_dithmenos_smoke_and_mirrors,
          minmay_temple_entry_poolview
D:6:      layout_loops_ring, patterned_corridor, uniq_prince_ribbit1, uniq_pikel
D:7:      layout_basic, grunt_temple_overflow_holy_war,
          mainiacjoe_overflow_catwalk, mainiacjoe_ossuary_entry_find_the_door,
          minmay_misc_feat_five, minmay_mini_ossuary
D:8:      layout_cave_pods, grunt_temple_overflow_growth_and_decay,
          nicolae_qazlal_eye_of_the_storm, david_lair_generic, serial_ice,
          serial_ice_k, serial_ice_m, serial_ice_n, serial_ice_d,
          ploomutoo_gammafunk_ghost_potion_laboratory, nicolae_shop_clearance
D:9:      layout_long_grid, nicolae_ru_great_annihilating_truth
D:10:     layout_roguey, mainiacjoe_overflow_surrounded_room,
          mainiacjoe_overflow_divided_tiny, enter_bailey_5, uniq_nergalle
D:11:     layout_cave_pools, david_orc_5, minmay_joined_circles
D:12:     layout_irregular_city, okawaru_gym_becter, uniq_erolcha, uniq_azrael
Temple:   pf_temple_reverse_labyrinth
Abyss:2:  base: D:1, minivault_20, evilmike_abyss_exit_7

Skill      XL: |  1  2  3  4  5  6  7  8  9 10 11 12 |
---------------+-------------------------------------+-----
Spellcasting   | 2 3 4 5 6 7 8 |  8.5
Armour         | 1 2 3 4 6 7 9 10 | 10.7
Earth Magic    | 4 5 6 7 10 11 13 15 | 15.3
Conjurations   | 2 4 |  4.8
Dodging        | |  1.3
Stealth        | |  1.4

Action                     |  1- 3 |  4- 6 |  7- 9 | 10-12 || total
---------------------------+-------+-------+-------+-------++-------
  Melee: Unarmed           |     3 |       |       |       ||     3
         Whip              |     5 |     7 |    10 |       ||    22
         Staff             |       |       |       |     2 ||     2
   Cast: Sandblast         |    55 |    87 |   183 |   316 ||   641
         Stone Arrow       |       |       |     3 |    38 ||    41
         Iskenderun's Batt |       |       |       |     2 ||     2
  Evoke: Wand              |       |       |       |     2 ||     2
    Use: Scroll            |       |     6 |     7 |     9 ||    22
         Potion            |       |       |       |     5 ||     5
 Armour: Robe              |    15 |       |       |       ||    15
         Ring mail         |    13 |    22 |    60 |       ||    95
         Plate armour      |       |       |    24 |   332 ||   356
         Chain mail        |       |       |       |   118 ||   118
  Dodge: Dodged            |    11 |    25 |    48 |    87 ||   171

Table legend: (Time is in decaauts)
 A = Elapsed time spent in this place.
 B = Non-inter-level travel time spent in this place.
 C = Inter-level travel time spent in this place.
 D = Time resting spent in this place.
 E = Time spent auto-exploring this place.
 F = Levels seen in this place.
 G = Mean time per level.
                   A        B        C        D        E       F      G
               +--------+--------+--------+--------+--------+-----+--------+
         Total |  12494 |  11590 |    904 |    747 |   8360 |  16 |  780.9 |
       Dungeon |  11566 |  10713 |    853 |    589 |   7911 |  12 |  963.8 |
        Temple |     52 |      1 |     51 |      0 |      0 |   1 |   52.0 |
         Abyss |    129 |    129 |      0 |     46 |     41 |   1 |  129.0 |
       Ossuary |    363 |    363 |      0 |     33 |    239 |   1 |  363.0 |
        Bailey |    382 |    382 |      0 |     79 |    169 |   1 |  382.0 |
               +--------+--------+--------+--------+--------+-----+--------+

Top non-repeatable levels by time:
    D:10: 1304 daAuts
     D:3: 1296 daAuts
     D:2: 1270 daAuts
     D:8: 1160 daAuts
     D:6: 1143 daAuts
     D:5: 1047 daAuts
     D:7: 962 daAuts
     D:1: 899 daAuts
    D:11: 896 daAuts
     D:9: 806 daAuts
     D:4: 775 daAuts
  Bailey: 382 daAuts
 Ossuary: 363 daAuts
 Abyss:2: 129 daAuts
  Temple: 52 daAuts
